 Dungeon Crawl Stone Soup version 0.28.0-45-g0d030f2227 (webtiles) character file.

Game seed: 1859858660765253541

1583 sanboga the Chopper (level 8, -19/51 HPs)
             Began as a Gargoyle Fighter on Apr 5, 2022.
             Was an Initiate of Trog.
             Demolished by a red ugly thing (20 damage)
             ... on level 6 of the Dungeon.
             The game lasted 00:05:52 (5825 turns).

sanboga the Chopper (Gargoyle Fighter)              Turns: 5825, Time: 00:05:52

Health: -19/51     AC: 24    Str: 28    XL:     8   Next: 92%
Magic:  8/8        EV:  7    Int:  9    God:    Trog [......]
Gold:   274        SH: 10    Dex:  9    Spells: 7/7 levels left

rFire   . . .      SeeInvis .   a - +0 war axe
rCold   . . .      Faith    .   c - +0 buckler
rNeg    + . .      Spirit   .   p - +0 plate armour
rPois   ∞          Reflect  +   u - +0 helmet
rElec   +          Harm     .   n - +0 cloak
rCorr   .          Rampage  .   l - +2 pair of gloves
Will    .....                   (no boots)
Stlth   ..........              s - amulet of reflection
HPRegen 0.17/turn               j - +6 ring of strength
MPRegen 0.11/turn               (no ring)

@: mighty
A: sickness immunity, AC +5, negative energy resistance 1, electricity
resistance, torment resistance 1, petrification resistance
a: Renounce Religion


You were on level 6 of the Dungeon.
You worshipped Trog.
Trog was noncommittal.
You visited 2 branches of the dungeon, and saw 7 of its levels.

You collected 274 gold pieces.

Inventory:

Hand Weapons
 a - a +0 war axe (weapon)
Armour
 c - a +0 buckler (worn)
 l - a +2 pair of gloves (worn)
 n - a +0 cloak (worn)
 p - a +0 plate armour (worn)
 u - a +0 helmet (worn)
Jewellery
 j - a +6 ring of strength (left hand)
 s - an amulet of reflection (around neck)
 v - a ring of fire
 z - a ring of fire
Wands
 r - a wand of iceblast (13)
 x - a wand of mindburst (12)
 D - a wand of paralysis (13)
Scrolls
 b - 2 scrolls of identify {unknown}
 f - 5 scrolls of teleportation {unknown}
 g - 2 scrolls of magic mapping {unknown}
 k - 2 scrolls of vulnerability {unknown}
 q - a scroll of fog {unknown}
 t - a scroll of fear {unknown}
 w - a scroll of amnesia {unknown}
 y - a scroll of immolation {unknown}
 A - a scroll of holy word {unknown}
 B - a scroll of acquirement {unknown}
Potions
 d - a potion of might
 e - a potion of magic {unknown}
 h - a potion of ambrosia {unknown}
 i - a potion of invisibility {unknown}
 m - a potion of resistance {unknown}
 o - a potion of heal wounds {unknown}
 C - a potion of lignification {unknown}


   Skills:
 + Level 6.2 Fighting
 * Level 6.5 Axes
 + Level 6.2 Armour
 + Level 6.3 Shields


You had 7 spell levels left.
You didn't know any spells.
Your spell library contained the following spells:

 Spells                   Type           Power      Damage    Failure   Level
 Animate Dead             Necr           0%         N/A       100%        4
 Borgnjor's Vile Clutch   Necr/Erth      0%         N/A       100%        5
 Death Channel            Necr           0%         N/A       100%        6


Dungeon Overview and Level Annotations

Branches:
Dungeon (6/15)             Temple (1/1) D:4

Altars:
Cheibriados
Elyvilon
Gozag
Hepliaklqana
Kikubaaqudgha
Nemelex Xobeh
Okawaru
Qazlal
Ru
Sif Muna
Trog
Uskayaw
Vehumet
Xom
Yredelemnul
Zin
The Shining One

Shops:
D:1 (


Innate Abilities, Weirdness & Mutations

You are immune to sickness and miasma.
Your stone body is resilient. (AC +5)
You are immune to poison.
You resist negative energy. (rN+)
You are resistant to electric shocks. (rElec)
You are resistant to unholy torment.
You are immune to petrification.


Message History

You block the vampire mosquito's attack.
You block the vampire mosquito's attack.
The vampire mosquito bites you but does no damage.
You block the vampire mosquito's attack.
The vampire mosquito bites you. The vampire mosquito barely misses you.
You hit the vampire mosquito.
The vampire mosquito is severely damaged.
You block the vampire mosquito's attack.
The vampire mosquito bites you.
You miss the vampire mosquito.
The vampire mosquito is severely damaged.
The vampire mosquito bites you but does no damage. x2
You block the vampire mosquito's attack.
You slash the vampire mosquito!
The vampire mosquito is almost destroyed.
The vampire mosquito bites you but does no damage. x2
You slash the vampire mosquito!
You destroy the vampire mosquito!
Trog accepts your kill.
You hit something. Something hits you but does no damage.
An orc wizard appears from thin air!
Reactivating autopickup.
The orc wizard casts a spell.
The orc wizard flickers and vanishes!
Deactivating autopickup; reactivate with Ctrl-A.
There is an open door here.
Okay, then.
You feel very mighty all of a sudden.
The red ugly thing gores you but does no damage.
You closely miss the red ugly thing. The red ugly thing gores you!
You are engulfed in flames!!
* * * LOW HITPOINT WARNING * * *
There is an open door here.
The adder bites you but does no damage.
There is a stone staircase leading up here.
The red ugly thing gores you!
* * * LOW HITPOINT WARNING * * *
You are engulfed in flames!!
You die...

#..........##.........
#.#.........+.........
#.###.....###........l
#.# #.#.#.# ##.......#
#.# #.###.# ##.....##
#[###.###.# ##.l.##
#.........# ##'##
#####.##### #o# #@#
#.# #u# ##{##
#.####### ##...##
#S......# #...S.#
#######.# ##...##
#.#####.####
#...S.......
############


You could see a red ugly thing and an adder.

Vanquished Creatures
  A meliai zombie (D:5)
  A vampire mosquito (D:6)
  A sky beast (D:5)
  A black bear (D:6)
  An orc warrior (D:4)
  A centaur (D:6)
  2 ogres (D:5)
  A phantom (D:5)
  A bullfrog (D:6)
  A scorpion (D:6)
  A wyvern skeleton (D:6)
  A centaur zombie (D:6)
  A bullfrog zombie (D:5)
  2 hounds (D:4)
  An iron imp (D:5)
  A bullfrog skeleton (D:4)
  4 iguanas
  10 adders
  2 white imps
  An ufetubus (D:5)
  2 worms (D:2)
  9 orcs
  4 endoplasms
  4 giant cockroaches
  7 goblins
  7 hobgoblins
  3 jackals (D:3)
  4 kobolds
  4 quokkas
  4 ball pythons
  4 bats
  3 frilled lizards
  A goblin zombie (D:5)
  3 hobgoblin zombies (D:5)
  2 kobold skeletons (D:5)
  A kobold zombie (D:5)
  3 orc skeletons (D:5)
  2 rats
102 creatures vanquished.

Vanquished Creatures (others)
  7 plants (D:3)
7 creatures vanquished.

Grand Total: 109 creatures vanquished

Notes
Turn   | Place    | Note
-------+----------+-------------------------------------------
     0 | D:1      | sanboga the Gargoyle Fighter began the quest for the Orb.
     0 | D:1      | Reached XP level 1. HP: 14/14 MP: 1/1
   450 | D:1      | Found Pifiuxak's Weapon Shoppe.
   559 | D:1      | Reached XP level 2. HP: 19/19 MP: 2/2
   808 | D:1      | Found a faded altar of an unknown god.
  1298 | D:2      | Reached XP level 3. HP: 23/23 MP: 3/3
  1717 | D:3      | Reached XP level 4. HP: 29/29 MP: 4/4
  2603 | D:4      | Reached XP level 5. HP: 27/33 MP: 5/5
  2766 | D:4      | Found a staircase to the Ecumenical Temple.
  2777 | Temple   | Entered the Ecumenical Temple
  2833 | Temple   | Became a worshipper of Trog the Wrathful
  2989 | D:4      | Found a sparkling altar of Nemelex Xobeh.
  3291 | D:4      | Reached XP level 6. HP: 19/38 MP: 6/6
  3659 | D:4      | Noticed an orc warrior
  3670 | D:4      | Killed an orc warrior
  3988 | D:5      | Entered Level 5 of the Dungeon
  4045 | D:5      | Noticed a sky beast
  4079 | D:5      | Killed a sky beast
  4080 | D:5      | Reached XP level 7. HP: 34/44 MP: 7/7
  4201 | D:5      | Reached skill level 5 in Shields
  4429 | D:5      | Reached skill level 5 in Armour
  4430 | D:5      | Found a glowing golden altar of the Shining One.
  4439 | D:5      | Reached skill level 5 in Fighting
  4519 | D:5      | Reached skill level 5 in Axes
  4784 | D:5      | Reached XP level 8. HP: 26/50 MP: 8/8
  5042 | D:5      | Found a white marble altar of Elyvilon.
  5042 | D:5      | Found a radiant altar of Vehumet.
  5765 | D:6      | Noticed a red ugly thing
  5825 | D:6      | HP: 1/51 [red ugly thing (10)]
  5825 | D:6      | Demolished by a red ugly thing

Illustrated notes

Levels and vault maps discovered:
D:1:      lightli_arrival_statue_moat, layout_loops_cross, serial_shops,
          nicolae_shop_bloodbath_and_beyond, ebering_ecumenical_altar_mist
D:2:      layout_basic, nicolae_figureground_pulse
D:3:      layout_loops_ring, chequers_serial_rivers_small_a, chequers_big_river,
          chequers_mini_garden
D:4:      layout_loops_corners, nemelex_xobeh_ov_fountains_minmay,
          temple_fountains
D:5:      layout_basic, nicolae_tso_besieged_by_evil,
          gammafunk_temple_overflow_statue, grunt_decor_cap
D:6:      cheibrodos_fzero, layout_loops_corners, makhleb_grotto_becter,
          chequers_serial_rivers_room_b, uniq_blork_the_orc
Temple:   cyrus_circular_temple

Skill      XL: |  1  2  3  4  5  6  7  8 |
---------------+-------------------------+-----
Axes           | 2 3 4 5 6 |  6.5
Fighting       | 4 5 6 |  6.2
Armour         | 4 5 6 |  6.2
Shields        | 4 5 6 |  6.3

Action                   |  1- 3 |  4- 6 |  7- 9 || total
-------------------------+-------+-------+-------++-------
Melee: War axe           |   100 |   171 |   124 ||   395
  Use: Scroll            |       |     1 |       ||     1
       Potion            |       |     1 |     4 ||     5
Armor: Scale mail        |    52 |    20 |       ||    72
       Plate armour      |       |   102 |    88 ||   190
Dodge: Dodged            |    59 |    52 |    47 ||   158
Block: Buckler           |    18 |    54 |    90 ||   162
       Reflection        |       |       |     1 ||     1
